Wild vs Hurricanes

Created - November-09-14 at 10:32

Goals
1 2 3 T
Wild 0 3 2 5
Hurricanes 1 0 0 1
Shots
1 2 3 T
Wild 9 15 10 34
Hurricanes 9 10 15 34

1st period

1. Hurricanes , Patrick Sharp 13 (Blake Wheeler, Raphael Diaz) at 9:40

Penalties :
Brian Boyle (CAR) for Holding Stick (Minor) at 4:01, Dustin Byfuglien (CAR) for High sticking (Minor) at 16:22, Michael Ryder (MIN) for Hooking (Minor) at 16:22, Ryan Garbutt (CAR) for High sticking (Minor) at 18:43

2nd period

2. Wild , Fedor Tyutin 2 (Bobby Ryan, Marian Gaborik) at 2:07
3. Wild , Daniel Alfredsson 7 (Mikko Koivu, Mark Streit) at 2:48
4. Wild , John-Michael Liles 4 (Mikko Koivu, Milan Michalek) at 4:53 (PP)

Penalties :
Patrick Maroon (CAR) for Roughing (Minor) at 3:08, Cal Clutterbuck (CAR) for Cross-checking (Minor) at 8:40, Kevin Czuczman (CAR) for Slashing (Minor) at 12:25

3rd period

5. Wild , Marian Gaborik 8 (Milan Michalek, Marco Scandella) at 0:12
6. Wild , Milan Michalek 2 (Mark Streit, Bobby Ryan) at 17:09

Penalties :
Eric Staal (CAR) for Hooking (Minor) at 9:19, Michael Stone (MIN) for Roughing (Minor) at 9:19

Goalie Stats

Josh Harding (MIN), 33 saves from 34 shots - (0.971), W, 10-3-0, 60:00 minutes
Mike Smith (CAR), 29 saves from 34 shots - (0.853), L, 8-5-1, 60:00 minutes

Players Stats for Wild

Player Name              G  A  P  +/- PIM S  H  SB GA TA FO     MP     PP MP  PK MP  
------------------------------------------------------------------------------------
Bobby Ryan               0  2  2   2  0   5  3  0  0  0  16/27  23:05   4:48   0:00 
Chris Conner             0  0  0   0  0   2  1  0  0  0  0/1    14:27   0:00   0:00 
Chris Phillips           0  0  0   0  0   0  4  1  0  0  0/0    13:32   0:00   0:00 
Daniel Alfredsson        1  0  1   1  0   3  0  0  0  0  1/2    22:43   4:53   0:00 
Erik Cole                0  0  0   0  0   0  1  1  0  0  0/1    14:38   0:00   0:00 
Fedor Tyutin             1  0  1   2  0   1  4  2  0  0  0/0    25:34   5:21   0:00 
Jesse Winchester         0  0  0   0  0   0  0  0  0  0  0/0     0:00   0:00   0:00 
John-Michael Liles       1  0  1   0  0   5  0  2  0  0  0/0    20:38   5:21   0:00 
Marco Scandella          0  1  1   2  0   1  1  0  0  0  0/0    19:27   0:00   0:00 
Marian Gaborik           1  1  2   2  0   4  1  0  0  0  1/3    22:50   4:48   0:00 
Mark Streit              0  2  2   1  0   1  0  2  0  0  0/0    21:34   4:20   0:00 
Michael Ryder            0  0  0   1  2   0  0  0  0  0  0/0    20:26   4:48   0:00 
Michael Stone            0  0  0   1  2   0  2  1  0  0  0/0    19:14   4:20   0:00 
Mikko Koivu              0  2  2   1  0   6  0  0  0  0  18/34  22:17   4:53   0:00 
Milan Michalek           1  2  3   2  0   5  1  0  0  0  0/1    21:34   4:53   0:00 
Pierre-Marc Bouchard     0  0  0   0  0   1  0  1  0  0  7/19   14:01   0:00   0:00 
Rob Scuderi              0  0  0   0  0   0  0  0  0  0  0/0     0:00   0:00   0:00 
Rostislav Klesla         0  0  0   0  0   0  0  0  0  0  0/0     0:00   0:00   0:00 

Players Stats for Hurricanes

Player Name              G  A  P  +/- PIM S  H  SB GA TA FO     MP     PP MP  PK MP  
------------------------------------------------------------------------------------
Ben Lovejoy              0  0  0  -2  0   0  4  4  0  0  0/0    24:11   0:00   5:14 
Blake Wheeler            0  1  1  -1  0   4  2  0  0  0  1/1    17:32   0:00   0:00 
Brad Richardson          0  0  0   0  0   5  0  0  0  0  10/23  12:39   0:00   0:00 
Brandon McMillan         0  0  0   0  0   0  0  0  0  0  0/1     5:59   0:00   1:15 
Brian Boyle              0  0  0   0  2   0  2  0  0  0  3/5     7:49   0:00   4:01 
Brian Dumoulin           0  0  0  -2  0   0  0  1  0  0  0/0    18:16   0:00   1:00 
Cal Clutterbuck          0  0  0   0  2   1  4  0  0  0  0/0    13:35   0:00   3:22 
Derek Roy                0  0  0  -2  0   5  0  0  0  0  9/20   22:00   0:00   5:34 
Dustin Byfuglien         0  0  0  -1  2   0  6  0  0  0  0/0    23:58   0:00   4:42 
Eric Staal               0  0  0  -1  2   2  1  0  0  0  20/31  24:04   0:00   5:10 
Kevin Czuczman           0  0  0   0  2   1  1  2  0  0  0/0    15:18   0:00   3:59 
Marc Staal               0  0  0  -2  0   2  1  3  0  0  0/0    22:46   0:00   4:27 
Patrick Maroon           0  0  0   0  2   0  1  0  0  0  1/1    10:13   0:00   0:00 
Patrick Sharp            1  0  1  -1  0   7  0  0  0  0  1/2    22:54   0:00   0:00 
Raphael Diaz             0  1  1   1  0   2  0  0  0  0  0/0    15:29   0:00   0:00 
Ryan Garbutt             0  0  0  -2  2   3  5  0  0  0  0/1    14:45   0:00   0:00 
Ryan Wilson              0  0  0   0  0   0  0  0  0  0  0/0     0:00   0:00   0:00 
Valeri Nichushkin        0  0  0  -2  0   2  0  0  0  0  0/3    14:46   0:00   0:00 

3 Stars

1 - Milan Michalek (MIN)
2 - Marian Gaborik (MIN)
3 - Josh Harding (MIN)

Power Play

Wild - 1 on 5 Attempt(s) - 20.00%
Hurricanes - 0 on 0 Attempt(s) - 0.00%

Penalty Kill

Wild - 0 on 0 Attempt(s) - 0.00% - Score 0 goal in Penalty Kill
Hurricanes - 4 on 5 Attempt(s) - 80.00% - Score 0 goal in Penalty Kill

Official

Referees : Francis Charron and Brad Meier
Linesman : Michel Cormier and Thor Nelson

Game Notes

No Game Note

Finance

Level 1 -- Attendance: 6000 (100.00%) -- Ticket Income $600,000
Level 2 -- Attendance: 4457 (89.14%) -- Ticket Income $289,705
Level 3 -- Attendance: 3102 (88.63%) -- Ticket Income $139,590
Level 4 -- Attendance: 3161 (97.86%) -- Ticket Income $85,347
Luxury Box -- Attendance: 870 (87.00%) -- Ticket Income $174,000
Game was played at the PNC Arena
Total Attendance: 17590 (93.91%)
Total Ticket Income: $1,288,642
Other Income: $193,296
Total Income: $1,481,938

% Time on Ice - Wild

Lines # - Real PCT - Wanted PCT - Time Play
Normal Forward
1 - 34% - 42% - 15:39
2 - 34% - 42% - 15:35
3 - 30% - 11% - 14:01
4 - 2% - 5% - 1:06
Normal Defense
1 - 40% - 40% - 18:26
2 - 30% - 30% - 13:43
3 - 29% - 25% - 13:32
4 - 1% - 5% - 0:40
PP Forward
1 - 50% - 52% - 4:53
2 - 50% - 48% - 4:48
PP Defense
1 - 45% - 50% - 4:20
2 - 55% - 50% - 5:21
PK Forward
1 - 0% - 50%
2 - 0% - 50%
PK Defense
1 - 0% - 50%
2 - 0% - 50%
PK3 Forward
1 - 0% - 50%
2 - 0% - 50%
PK3 Defense
1 - 0% - 50%
2 - 0% - 50%
44 Forward
1 - 56% - 50% - 2:13
2 - 44% - 50% - 1:45
44 Defense
1 - 56% - 48% - 2:13
2 - 44% - 52% - 1:45
Last Minute Offensive  - 0:00
Last Minute Defensive  - 0:00
Total
Forward - 60:00
Defense - 60:00

% Time on Ice - Hurricanes

Lines # - Real PCT - Wanted PCT - Time Play
Normal Forward
1 - 38% - 40% - 17:32
2 - 32% - 33% - 14:46
3 - 22% - 17% - 10:14
4 - 8% - 10% - 3:49
Normal Defense
1 - 36% - 35% - 16:39
2 - 34% - 35% - 15:53
3 - 24% - 20% - 11:20
4 - 5% - 10% - 2:29
PP Forward
1 - 0% - 57%
2 - 0% - 43%
PP Defense
1 - 0% - 50%
2 - 0% - 50%
PK Forward
1 - 53% - 50% - 5:08
2 - 47% - 50% - 4:33
PK Defense
1 - 54% - 50% - 5:14
2 - 46% - 50% - 4:27
PK3 Forward
1 - 0% - 60%
2 - 0% - 40%
PK3 Defense
1 - 0% - 60%
2 - 0% - 40%
44 Forward
1 - 58% - 50% - 2:18
2 - 42% - 50% - 1:40
44 Defense
1 - 42% - 50% - 1:40
2 - 58% - 50% - 2:18
Last Minute Offensive  - 0:00
Last Minute Defensive  - 0:00
Total
Forward - 60:00
Defense - 60:00

Play by Play

1st period


0:01 of 1st period - Mikko Koivu wins face-off versus Eric Staal in neutral zone.
0:01 of 1st period - Fedor Tyutin is hit by Blake Wheeler and loses puck.
0:14 of 1st period - Shot by Patrick Sharp.
0:14 of 1st period - Shot Misses the Net.
0:39 of 1st period - Blake Wheeler is hit by Marco Scandella.
1:14 of 1st period - Bobby Ryan is hit by Ben Lovejoy and loses puck.
1:28 of 1st period - Icing by Marc Staal.
1:29 of 1st period - Blake Wheeler wins face-off versus Chris Conner in Hurricanes zone.
2:33 of 1st period - Icing by Fedor Tyutin.
2:34 of 1st period - Brad Richardson wins face-off versus Bobby Ryan in Wild zone.
2:49 of 1st period - Shot by Brad Richardson.
2:49 of 1st period - Stopped by Josh Harding with a rebound.
2:56 of 1st period - Icing by Brad Richardson.
2:57 of 1st period - Mikko Koivu wins face-off versus Brad Richardson in Hurricanes zone.
3:05 of 1st period - Michael Ryder is hit by Kevin Czuczman and loses puck.
3:22 of 1st period - Shot by Michael Ryder.
3:22 of 1st period - Shot Misses the Net.
3:32 of 1st period - Icing by Michael Stone.
3:33 of 1st period - Brian Boyle wins face-off versus Mikko Koivu in Wild zone.
4:01 of 1st period - Minor Penalty to Brian Boyle for Holding Stick.
4:02 of 1st period - Eric Staal wins face-off versus Bobby Ryan in Hurricanes zone.
4:31 of 1st period - Shot by Bobby Ryan.
4:31 of 1st period - Shot Misses the Net.
4:33 of 1st period - Shot by Marian Gaborik.
4:33 of 1st period - Stopped by Mike Smith without a rebound.
4:34 of 1st period - Mikko Koivu wins face-off versus Eric Staal in Hurricanes zone.
5:43 of 1st period - Shot by John-Michael Liles.
5:43 of 1st period - Shot Blocked by Marc Staal.
5:49 of 1st period - Shot by Bobby Ryan.
5:49 of 1st period - Shot Hit the Post.
5:51 of 1st period - Shot by Bobby Ryan.
5:51 of 1st period - Stopped by Mike Smith without a rebound.
5:52 of 1st period - Mikko Koivu wins face-off versus Brandon McMillan in Hurricanes zone.
5:53 of 1st period - Shot by John-Michael Liles.
5:53 of 1st period - Stopped by Mike Smith with a rebound.
5:55 of 1st period - Shot by John-Michael Liles.
5:55 of 1st period - Stopped by Mike Smith without a rebound.
5:56 of 1st period - Marian Gaborik wins face-off versus Derek Roy in Hurricanes zone.
6:03 of 1st period - Shot by Bobby Ryan.
6:03 of 1st period - Shot Misses the Net.
7:39 of 1st period - Icing by Marc Staal.
7:40 of 1st period - Mikko Koivu wins face-off versus Brad Richardson in Hurricanes zone.
8:12 of 1st period - Icing by Raphael Diaz.
8:13 of 1st period - Pierre-Marc Bouchard wins face-off versus Derek Roy in Hurricanes zone.
8:14 of 1st period - Shot by Chris Conner.
8:14 of 1st period - Shot Misses the Net.
8:34 of 1st period - Shot by Ryan Garbutt.
8:34 of 1st period - Shot Blocked by Erik Cole.
8:36 of 1st period - Shot by Derek Roy.
8:36 of 1st period - Shot Misses the Net.
8:38 of 1st period - Shot by Raphael Diaz.
8:38 of 1st period - Shot Misses the Net.
8:40 of 1st period - Shot by Derek Roy.
8:40 of 1st period - Shot Blocked by Fedor Tyutin.
8:42 of 1st period - Shot by Derek Roy.
8:42 of 1st period - Stopped by Josh Harding without a rebound.
8:43 of 1st period - Bobby Ryan wins face-off versus Eric Staal in Wild zone.
8:45 of 1st period - Icing by Milan Michalek.
8:46 of 1st period - Eric Staal wins face-off versus Bobby Ryan in Wild zone.
8:53 of 1st period - Shot by Patrick Sharp.
8:53 of 1st period - Stopped by Josh Harding without a rebound.
8:54 of 1st period - Bobby Ryan wins face-off versus Eric Staal in Wild zone.
9:34 of 1st period - Shot by Eric Staal.
9:34 of 1st period - Stopped by Josh Harding with a rebound.
9:40 of 1st period - Shot by Patrick Sharp.
9:40 of 1st period - Goal by Patrick Sharp - Wild : 0 - Hurricanes : 1.
9:41 of 1st period - Mikko Koivu wins face-off versus Valeri Nichushkin in neutral zone.
9:43 of 1st period - Marco Scandella is hit by Ben Lovejoy and loses puck.
10:16 of 1st period - Daniel Alfredsson is hit by Marc Staal and loses puck.
11:36 of 1st period - Shot by Bobby Ryan.
11:36 of 1st period - Shot Misses the Net.
11:46 of 1st period - Shot by Milan Michalek.
11:46 of 1st period - Shot Misses the Net.
13:06 of 1st period - Shot by Cal Clutterbuck.
13:06 of 1st period - Stopped by Josh Harding without a rebound.
13:07 of 1st period - Brad Richardson wins face-off versus Mikko Koivu in Wild zone.
13:30 of 1st period - Shot by Mikko Koivu.
13:30 of 1st period - Stopped by Mike Smith without a rebound.
13:31 of 1st period - Bobby Ryan wins face-off versus Valeri Nichushkin in Hurricanes zone.
14:00 of 1st period - Shot by Marian Gaborik.
14:00 of 1st period - Shot Blocked by Marc Staal.
14:30 of 1st period - Shot by John-Michael Liles.
14:30 of 1st period - Shot Misses the Net.
14:32 of 1st period - Shot by John-Michael Liles.
14:32 of 1st period - Stopped by Mike Smith without a rebound.
14:33 of 1st period - Brad Richardson wins face-off versus Mikko Koivu in Hurricanes zone.
14:40 of 1st period - Shot by Daniel Alfredsson.
14:40 of 1st period - Shot Misses the Net.
14:49 of 1st period - Patrick Maroon is hit by Fedor Tyutin and loses puck.
14:56 of 1st period - Shot by Brad Richardson.
14:56 of 1st period - Stopped by Josh Harding without a rebound.
14:57 of 1st period - Brian Boyle wins face-off versus Pierre-Marc Bouchard in Wild zone.
15:05 of 1st period - Pierre-Marc Bouchard is hit by Brian Boyle and loses puck.
15:15 of 1st period - Patrick Sharp is hit by Chris Phillips and loses puck.
15:23 of 1st period - Patrick Sharp is hit by Chris Phillips.
15:44 of 1st period - Icing by John-Michael Liles.
15:45 of 1st period - Pierre-Marc Bouchard wins face-off versus Derek Roy in Wild zone.
15:53 of 1st period - Shot by Derek Roy.
15:53 of 1st period - Shot Misses the Net.
16:01 of 1st period - Shot by Ryan Garbutt.
16:01 of 1st period - Shot Blocked by Pierre-Marc Bouchard.
16:03 of 1st period - Shot by Marc Staal.
16:03 of 1st period - Stopped by Josh Harding without a rebound.
16:04 of 1st period - Mikko Koivu wins face-off versus Brad Richardson in Wild zone.
16:10 of 1st period - Mikko Koivu is hit by Dustin Byfuglien and loses puck.
16:16 of 1st period - Mikko Koivu is hit by Dustin Byfuglien and loses puck.
16:22 of 1st period - Minor Penalty to Dustin Byfuglien for High sticking.
16:22 of 1st period - Minor Penalty to Michael Ryder for Hooking.
16:23 of 1st period - Brad Richardson wins face-off versus Bobby Ryan in Hurricanes zone.
16:48 of 1st period - Icing by Michael Stone.
16:49 of 1st period - Patrick Sharp wins face-off versus Bobby Ryan in Wild zone.
17:16 of 1st period - Shot by Eric Staal.
17:16 of 1st period - Shot Misses the Net.
17:18 of 1st period - Shot by Brian Dumoulin.
17:18 of 1st period - Shot Misses the Net.
17:24 of 1st period - Shot by Patrick Sharp.
17:24 of 1st period - Shot Blocked by Mark Streit.
17:54 of 1st period - Patrick Sharp is hit by Fedor Tyutin and loses puck.
18:06 of 1st period - Mikko Koivu is hit by Ben Lovejoy and loses puck.
18:11 of 1st period - Shot by Mikko Koivu.
18:11 of 1st period - Stopped by Mike Smith without a rebound.
18:12 of 1st period - Brad Richardson wins face-off versus Mikko Koivu in Hurricanes zone.
18:23 of 1st period - Shot by Brad Richardson.
18:23 of 1st period - Shot Misses the Net.
18:28 of 1st period - Icing by Fedor Tyutin.
18:29 of 1st period - Brad Richardson wins face-off versus Pierre-Marc Bouchard in Wild zone.
18:34 of 1st period - Shot by Raphael Diaz.
18:34 of 1st period - Stopped by Josh Harding without a rebound.
18:35 of 1st period - Derek Roy wins face-off versus Pierre-Marc Bouchard in Wild zone.
18:42 of 1st period - Mark Streit is hit by Ryan Garbutt and loses puck.
18:43 of 1st period - Minor Penalty to Ryan Garbutt for High sticking.
18:44 of 1st period - Brian Boyle wins face-off versus Mikko Koivu in Hurricanes zone.
18:55 of 1st period - Shot by Michael Stone.
18:55 of 1st period - Deflect By Mikko Koivu.
18:55 of 1st period - Stopped by Mike Smith without a rebound.
18:56 of 1st period - Bobby Ryan wins face-off versus Brian Boyle in Hurricanes zone.
18:57 of 1st period - Shot by Marian Gaborik.
18:57 of 1st period - Stopped by Mike Smith without a rebound.
18:58 of 1st period - Mikko Koivu wins face-off versus Eric Staal in Hurricanes zone.
19:41 of 1st period - Shot by Daniel Alfredsson.
19:41 of 1st period - Shot Misses the Net.
19:43 of 1st period - Shot by Milan Michalek.
19:43 of 1st period - Shot Misses the Net.
19:53 of 1st period - Shot by Mark Streit.
19:53 of 1st period - Shot Blocked by Ben Lovejoy.
Goals for this period are 0 for Wild vs 1 for Hurricanes.
Shots for this period are 9 for Wild vs 9 for Hurricanes.

2nd period


0:01 of 2nd period - Eric Staal wins face-off versus Milan Michalek in neutral zone.
0:09 of 2nd period - Off-side.
0:10 of 2nd period - Eric Staal wins face-off versus Bobby Ryan in neutral zone.
0:36 of 2nd period - Bobby Ryan is hit by Dustin Byfuglien and loses puck.
1:23 of 2nd period - Shot by Patrick Sharp.
1:23 of 2nd period - Stopped by Josh Harding without a rebound.
1:24 of 2nd period - Derek Roy wins face-off versus Mikko Koivu in Wild zone.
1:29 of 2nd period - Shot by Derek Roy.
1:29 of 2nd period - Stopped by Josh Harding without a rebound.
1:30 of 2nd period - Bobby Ryan wins face-off versus Derek Roy in Wild zone.
1:49 of 2nd period - Shot by Milan Michalek.
1:49 of 2nd period - Stopped by Mike Smith with a rebound.
1:51 of 2nd period - Shot by Bobby Ryan.
1:51 of 2nd period - Shot Misses the Net.
1:53 of 2nd period - Shot by Marian Gaborik.
1:53 of 2nd period - Shot Blocked by Brian Dumoulin.
2:03 of 2nd period - Shot by Marian Gaborik.
2:03 of 2nd period - Shot Misses the Net.
2:05 of 2nd period - Shot by Bobby Ryan.
2:05 of 2nd period - Stopped by Mike Smith with a rebound.
2:07 of 2nd period - Shot by Fedor Tyutin.
2:07 of 2nd period - Goal by Fedor Tyutin - Wild : 1 - Hurricanes : 1.
2:08 of 2nd period - Daniel Alfredsson wins face-off versus Eric Staal in neutral zone.
2:35 of 2nd period - Shot by Mikko Koivu.
2:35 of 2nd period - Shot Blocked by Marc Staal.
2:46 of 2nd period - Shot by Daniel Alfredsson.
2:46 of 2nd period - Stopped by Mike Smith with a rebound.
2:48 of 2nd period - Shot by Mikko Koivu.
2:48 of 2nd period - Deflect By Daniel Alfredsson.
2:48 of 2nd period - Goal by Daniel Alfredsson - Wild : 2 - Hurricanes : 1.
2:49 of 2nd period - Derek Roy wins face-off versus Marian Gaborik in neutral zone.
3:05 of 2nd period - Shot by Ryan Garbutt.
3:05 of 2nd period - Stopped by Josh Harding without a rebound.
3:06 of 2nd period - Pierre-Marc Bouchard wins face-off versus Brad Richardson in Wild zone.
3:06 of 2nd period - Chris Conner is hit by Cal Clutterbuck and loses puck.
3:08 of 2nd period - Minor Penalty to Patrick Maroon for Roughing.
3:09 of 2nd period - Mikko Koivu wins face-off versus Eric Staal in Hurricanes zone.
3:10 of 2nd period - Shot by John-Michael Liles.
3:10 of 2nd period - Shot Misses the Net.
3:12 of 2nd period - Shot by Mikko Koivu.
3:12 of 2nd period - Stopped by Mike Smith with a rebound.
3:30 of 2nd period - John-Michael Liles is hit by Brian Boyle and loses puck.
3:39 of 2nd period - Shot by Fedor Tyutin.
3:39 of 2nd period - Shot Blocked by Ben Lovejoy.
3:49 of 2nd period - Shot by Milan Michalek.
3:49 of 2nd period - Shot Blocked by Kevin Czuczman.
3:51 of 2nd period - Shot by Mikko Koivu.
3:51 of 2nd period - Stopped by Mike Smith without a rebound.
3:52 of 2nd period - Eric Staal wins face-off versus Marian Gaborik in Hurricanes zone.
4:00 of 2nd period - Mark Streit is hit by Cal Clutterbuck and loses puck.
4:53 of 2nd period - Shot by John-Michael Liles.
4:53 of 2nd period - Goal by John-Michael Liles - Wild : 3 - Hurricanes : 1.
4:54 of 2nd period - Eric Staal wins face-off versus Pierre-Marc Bouchard in neutral zone.
4:54 of 2nd period - Blake Wheeler is hit by Erik Cole and loses puck.
5:23 of 2nd period - Blake Wheeler is hit by Fedor Tyutin and loses puck.
5:26 of 2nd period - Shot by Eric Staal.
5:26 of 2nd period - Stopped by Josh Harding without a rebound.
5:27 of 2nd period - Mikko Koivu wins face-off versus Brad Richardson in Wild zone.
5:38 of 2nd period - Shot by Patrick Maroon.
5:38 of 2nd period - Deflect By Brad Richardson.
5:38 of 2nd period - Stopped by Josh Harding with a rebound.
5:56 of 2nd period - Shot by Cal Clutterbuck.
5:56 of 2nd period - Shot Misses the Net.
6:55 of 2nd period - Shot by Blake Wheeler.
6:55 of 2nd period - Stopped by Josh Harding without a rebound.
6:56 of 2nd period - Pierre-Marc Bouchard wins face-off versus Derek Roy in Wild zone.
6:58 of 2nd period - Icing by Fedor Tyutin.
6:59 of 2nd period - Derek Roy wins face-off versus Pierre-Marc Bouchard in Wild zone.
8:21 of 2nd period - Shot by Bobby Ryan.
8:21 of 2nd period - Shot Misses the Net.
8:23 of 2nd period - Shot by Bobby Ryan.
8:23 of 2nd period - Shot Misses the Net.
8:32 of 2nd period - Icing by Brian Dumoulin.
8:33 of 2nd period - Eric Staal wins face-off versus Mikko Koivu in Hurricanes zone.
8:38 of 2nd period - Shot by Blake Wheeler.
8:38 of 2nd period - Stopped by Josh Harding without a rebound.
8:39 of 2nd period - Mikko Koivu wins face-off versus Brad Richardson in Wild zone.
8:39 of 2nd period - Mikko Koivu is hit by Cal Clutterbuck.
8:40 of 2nd period - Minor Penalty to Cal Clutterbuck for Cross-checking.
8:41 of 2nd period - Eric Staal wins face-off versus Mikko Koivu in Hurricanes zone.
9:08 of 2nd period - Shot by John-Michael Liles.
9:08 of 2nd period - Shot Blocked by Kevin Czuczman.
9:10 of 2nd period - Shot by Milan Michalek.
9:10 of 2nd period - Stopped by Mike Smith with a rebound.
9:12 of 2nd period - Shot by John-Michael Liles.
9:12 of 2nd period - Shot Blocked by Ben Lovejoy.
9:14 of 2nd period - Shot by John-Michael Liles.
9:14 of 2nd period - Stopped by Mike Smith with a rebound.
9:16 of 2nd period - Shot by John-Michael Liles.
9:16 of 2nd period - Shot Misses the Net.
10:07 of 2nd period - Shot by Michael Stone.
10:07 of 2nd period - Shot Misses the Net.
10:09 of 2nd period - Shot by Michael Ryder.
10:09 of 2nd period - Shot Misses the Net.
10:44 of 2nd period - Pierre-Marc Bouchard is hit by Dustin Byfuglien and loses puck.
11:02 of 2nd period - Pierre-Marc Bouchard is hit by Dustin Byfuglien and loses puck.
11:57 of 2nd period - Shot by Eric Staal.
11:57 of 2nd period - Shot Misses the Net.
12:03 of 2nd period - Shot by Patrick Sharp.
12:03 of 2nd period - Stopped by Josh Harding without a rebound.
12:04 of 2nd period - Bobby Ryan wins face-off versus Derek Roy in Wild zone.
12:06 of 2nd period - Icing by Fedor Tyutin.
12:07 of 2nd period - Derek Roy wins face-off versus Bobby Ryan in Wild zone.
12:12 of 2nd period - Shot by Valeri Nichushkin.
12:12 of 2nd period - Stopped by Josh Harding with a rebound.
12:25 of 2nd period - Minor Penalty to Kevin Czuczman for Slashing.
12:26 of 2nd period - Eric Staal wins face-off versus Bobby Ryan in Hurricanes zone.
12:37 of 2nd period - Derek Roy is hit by Bobby Ryan and loses puck.
12:44 of 2nd period - Shot by Mark Streit.
12:44 of 2nd period - Stopped by Mike Smith with a rebound.
12:46 of 2nd period - Shot by Bobby Ryan.
12:46 of 2nd period - Stopped by Mike Smith without a rebound.
12:47 of 2nd period - Eric Staal wins face-off versus Mikko Koivu in Hurricanes zone.
13:21 of 2nd period - Ben Lovejoy is hit by Milan Michalek and loses puck.
13:54 of 2nd period - Shot by Bobby Ryan.
13:54 of 2nd period - Shot Misses the Net.
14:35 of 2nd period - Icing by Raphael Diaz.
14:36 of 2nd period - Pierre-Marc Bouchard wins face-off versus Brian Boyle in Hurricanes zone.
15:53 of 2nd period - Shot by Bobby Ryan.
15:53 of 2nd period - Shot Misses the Net.
16:08 of 2nd period - Patrick Sharp is hit by Chris Phillips and loses puck.
17:27 of 2nd period - Shot by Marian Gaborik.
17:27 of 2nd period - Stopped by Mike Smith without a rebound.
17:28 of 2nd period - Eric Staal wins face-off versus Erik Cole in Hurricanes zone.
18:15 of 2nd period - Icing by Michael Stone.
18:16 of 2nd period - Derek Roy wins face-off versus Mikko Koivu in Wild zone.
18:16 of 2nd period - Derek Roy is hit by Michael Stone.
18:22 of 2nd period - Shot by Valeri Nichushkin.
18:22 of 2nd period - Stopped by Josh Harding without a rebound.
18:23 of 2nd period - Mikko Koivu wins face-off versus Ryan Garbutt in Wild zone.
18:23 of 2nd period - Mikko Koivu is hit by Ryan Garbutt.
18:52 of 2nd period - Shot by Daniel Alfredsson.
18:52 of 2nd period - Stopped by Mike Smith without a rebound.
18:53 of 2nd period - Eric Staal wins face-off versus Pierre-Marc Bouchard in Hurricanes zone.
19:01 of 2nd period - Shot by Erik Cole.
19:01 of 2nd period - Deflect By Chris Conner.
19:01 of 2nd period - Stopped by Mike Smith without a rebound.
19:02 of 2nd period - Eric Staal wins face-off versus Bobby Ryan in Hurricanes zone.
19:02 of 2nd period - Eric Staal is hit by Bobby Ryan.
Goals for this period are 3 for Wild vs 0 for Hurricanes.
Shots for this period are 15 for Wild vs 10 for Hurricanes.

3rd period


0:01 of 3rd period - Eric Staal wins face-off versus Bobby Ryan in neutral zone.
0:12 of 3rd period - Shot by Marian Gaborik.
0:12 of 3rd period - Goal by Marian Gaborik - Wild : 4 - Hurricanes : 1.
0:13 of 3rd period - Derek Roy wins face-off versus Mikko Koivu in neutral zone.
0:50 of 3rd period - Shot by Michael Ryder.
0:50 of 3rd period - Shot Misses the Net.
0:56 of 3rd period - Shot by Mikko Koivu.
0:56 of 3rd period - Shot Misses the Net.
1:27 of 3rd period - Shot by Patrick Sharp.
1:27 of 3rd period - Shot Misses the Net.
1:34 of 3rd period - Off-side.
1:35 of 3rd period - Patrick Maroon wins face-off versus Pierre-Marc Bouchard in neutral zone.
2:04 of 3rd period - Shot by Pierre-Marc Bouchard.
2:04 of 3rd period - Shot Misses the Net.
2:06 of 3rd period - Shot by Pierre-Marc Bouchard.
2:06 of 3rd period - Shot Misses the Net.
2:08 of 3rd period - Shot by Erik Cole.
2:08 of 3rd period - Shot Misses the Net.
2:37 of 3rd period - Off-side.
2:38 of 3rd period - Bobby Ryan wins face-off versus Derek Roy in neutral zone.
3:19 of 3rd period - Shot by Bobby Ryan.
3:19 of 3rd period - Stopped by Mike Smith without a rebound.
3:20 of 3rd period - Eric Staal wins face-off versus Daniel Alfredsson in Hurricanes zone.
3:27 of 3rd period - Shot by Patrick Sharp.
3:27 of 3rd period - Shot Blocked by Michael Stone.
3:53 of 3rd period - Shot by Patrick Sharp.
3:53 of 3rd period - Deflect By Blake Wheeler.
3:53 of 3rd period - Stopped by Josh Harding with a rebound.
4:10 of 3rd period - Off-side.
4:11 of 3rd period - Bobby Ryan wins face-off versus Derek Roy in neutral zone.
4:11 of 3rd period - Marian Gaborik is hit by Ryan Garbutt and loses puck.
4:27 of 3rd period - Marco Scandella is hit by Dustin Byfuglien and loses puck.
4:39 of 3rd period - Shot by Brian Dumoulin.
4:39 of 3rd period - Shot Misses the Net.
4:41 of 3rd period - Shot by Ryan Garbutt.
4:41 of 3rd period - Stopped by Josh Harding without a rebound.
4:42 of 3rd period - Pierre-Marc Bouchard wins face-off versus Brad Richardson in Wild zone.
4:51 of 3rd period - Icing by Kevin Czuczman.
4:52 of 3rd period - Brad Richardson wins face-off versus Mikko Koivu in Hurricanes zone.
5:12 of 3rd period - Icing by Chris Phillips.
5:13 of 3rd period - Eric Staal wins face-off versus Mikko Koivu in Wild zone.
5:41 of 3rd period - Shot by Blake Wheeler.
5:41 of 3rd period - Shot Misses the Net.
5:53 of 3rd period - Shot by Patrick Sharp.
5:53 of 3rd period - Stopped by Josh Harding without a rebound.
5:54 of 3rd period - Bobby Ryan wins face-off versus Derek Roy in Wild zone.
6:18 of 3rd period - Icing by Fedor Tyutin.
6:19 of 3rd period - Bobby Ryan wins face-off versus Brad Richardson in Wild zone.
6:19 of 3rd period - Bobby Ryan is hit by Cal Clutterbuck.
6:37 of 3rd period - Shot by Bobby Ryan.
6:37 of 3rd period - Stopped by Mike Smith without a rebound.
6:38 of 3rd period - Eric Staal wins face-off versus Pierre-Marc Bouchard in Hurricanes zone.
6:49 of 3rd period - Shot by Patrick Sharp.
6:49 of 3rd period - Stopped by Josh Harding without a rebound.
6:50 of 3rd period - Derek Roy wins face-off versus Mikko Koivu in Wild zone.
7:09 of 3rd period - Shot by Michael Ryder.
7:09 of 3rd period - Shot Misses the Net.
7:29 of 3rd period - Shot by Derek Roy.
7:29 of 3rd period - Shot Misses the Net.
7:32 of 3rd period - Icing by Chris Phillips.
7:33 of 3rd period - Mikko Koivu wins face-off versus Eric Staal in Wild zone.
7:56 of 3rd period - Shot by Blake Wheeler.
7:56 of 3rd period - Shot Misses the Net.
8:06 of 3rd period - Shot by Patrick Sharp.
8:06 of 3rd period - Shot Misses the Net.
8:08 of 3rd period - Shot by Marc Staal.
8:08 of 3rd period - Stopped by Josh Harding without a rebound.
8:09 of 3rd period - Brad Richardson wins face-off versus Pierre-Marc Bouchard in Wild zone.
8:14 of 3rd period - Shot by Cal Clutterbuck.
8:14 of 3rd period - Shot Blocked by Mark Streit.
8:24 of 3rd period - Shot by Pierre-Marc Bouchard.
8:24 of 3rd period - Stopped by Mike Smith without a rebound.
8:25 of 3rd period - Bobby Ryan wins face-off versus Valeri Nichushkin in Hurricanes zone.
8:38 of 3rd period - Shot by Ryan Garbutt.
8:38 of 3rd period - Shot Blocked by Fedor Tyutin.
8:40 of 3rd period - Shot by Ryan Garbutt.
8:40 of 3rd period - Shot Misses the Net.
8:56 of 3rd period - Shot by Marian Gaborik.
8:56 of 3rd period - Shot Misses the Net.
9:06 of 3rd period - Shot by Derek Roy.
9:06 of 3rd period - Stopped by Josh Harding without a rebound.
9:07 of 3rd period - Mikko Koivu wins face-off versus Eric Staal in Wild zone.
9:11 of 3rd period - Icing by Daniel Alfredsson.
9:12 of 3rd period - Eric Staal wins face-off versus Mikko Koivu in Wild zone.
9:13 of 3rd period - Shot by Blake Wheeler.
9:13 of 3rd period - Stopped by Josh Harding without a rebound.
9:14 of 3rd period - Eric Staal wins face-off versus Mikko Koivu in Wild zone.
9:14 of 3rd period - Eric Staal is hit by Michael Stone.
9:19 of 3rd period - Minor Penalty to Eric Staal for Hooking.
9:19 of 3rd period - Minor Penalty to Michael Stone for Roughing.
9:20 of 3rd period - Mikko Koivu wins face-off versus Brad Richardson in Wild zone.
9:58 of 3rd period - Shot by Brad Richardson.
9:58 of 3rd period - Shot Misses the Net.
10:00 of 3rd period - Shot by Raphael Diaz.
10:00 of 3rd period - Stopped by Josh Harding with a rebound.
10:02 of 3rd period - Shot by Derek Roy.
10:02 of 3rd period - Stopped by Josh Harding with a rebound.
10:13 of 3rd period - Off-side.
10:14 of 3rd period - Bobby Ryan wins face-off versus Patrick Sharp in neutral zone.
10:19 of 3rd period - Ben Lovejoy is hit by Bobby Ryan and loses puck.
10:46 of 3rd period - Ben Lovejoy is hit by Marian Gaborik and loses puck.
11:14 of 3rd period - Off-side.
11:15 of 3rd period - Mikko Koivu wins face-off versus Brad Richardson in neutral zone.
11:30 of 3rd period - Shot by Ryan Garbutt.
11:30 of 3rd period - Stopped by Josh Harding without a rebound.
11:31 of 3rd period - Mikko Koivu wins face-off versus Brad Richardson in Wild zone.
11:46 of 3rd period - Shot by Mikko Koivu.
11:46 of 3rd period - Stopped by Mike Smith without a rebound.
11:47 of 3rd period - Pierre-Marc Bouchard wins face-off versus Eric Staal in Hurricanes zone.
12:02 of 3rd period - Michael Stone is hit by Blake Wheeler and loses puck.
12:44 of 3rd period - Michael Stone is hit by Ryan Garbutt and loses puck.
13:17 of 3rd period - Shot by Derek Roy.
13:17 of 3rd period - Stopped by Josh Harding without a rebound.
13:18 of 3rd period - Mikko Koivu wins face-off versus Brad Richardson in Wild zone.
13:27 of 3rd period - Shot by Brad Richardson.
13:27 of 3rd period - Shot Blocked by John-Michael Liles.
13:29 of 3rd period - Shot by Brad Richardson.
13:29 of 3rd period - Stopped by Josh Harding with a rebound.
13:33 of 3rd period - Shot by Brad Richardson.
13:33 of 3rd period - Stopped by Josh Harding with a rebound.
13:35 of 3rd period - Shot by Kevin Czuczman.
13:35 of 3rd period - Stopped by Josh Harding without a rebound.
13:36 of 3rd period - Bobby Ryan wins face-off versus Eric Staal in Wild zone.
13:42 of 3rd period - Bobby Ryan is hit by Ben Lovejoy and loses puck.
13:45 of 3rd period - Shot by Marco Scandella.
13:45 of 3rd period - Stopped by Mike Smith with a rebound.
13:47 of 3rd period - Shot by Bobby Ryan.
13:47 of 3rd period - Shot Misses the Net.
14:24 of 3rd period - Icing by Marian Gaborik.
14:25 of 3rd period - Bobby Ryan wins face-off versus Derek Roy in Wild zone.
14:25 of 3rd period - Marian Gaborik is hit by Ryan Garbutt and loses puck.
14:55 of 3rd period - Off-side.
14:56 of 3rd period - Brad Richardson wins face-off versus Pierre-Marc Bouchard in neutral zone.
15:07 of 3rd period - Kevin Czuczman is hit by Chris Conner.
15:34 of 3rd period - Michael Stone is hit by Patrick Maroon and loses puck.
16:12 of 3rd period - Michael Ryder is hit by Eric Staal and loses puck.
16:31 of 3rd period - Shot by Patrick Sharp.
16:31 of 3rd period - Shot Blocked by Chris Phillips.
16:59 of 3rd period - Shot by Bobby Ryan.
16:59 of 3rd period - Shot Misses the Net.
17:01 of 3rd period - Shot by Milan Michalek.
17:01 of 3rd period - Shot Blocked by Ben Lovejoy.
17:03 of 3rd period - Shot by Milan Michalek.
17:03 of 3rd period - Stopped by Mike Smith without a rebound.
17:04 of 3rd period - Bobby Ryan wins face-off versus Derek Roy in Hurricanes zone.
17:09 of 3rd period - Shot by Milan Michalek.
17:09 of 3rd period - Goal by Milan Michalek - Wild : 5 - Hurricanes : 1.
17:10 of 3rd period - Derek Roy wins face-off versus Pierre-Marc Bouchard in neutral zone.
17:12 of 3rd period - Dustin Byfuglien is hit by Fedor Tyutin.
17:16 of 3rd period - Shot by Ryan Garbutt.
17:16 of 3rd period - Shot Misses the Net.
17:35 of 3rd period - Shot by Chris Conner.
17:35 of 3rd period - Stopped by Mike Smith without a rebound.
17:36 of 3rd period - Bobby Ryan wins face-off versus Brad Richardson in Hurricanes zone.
17:41 of 3rd period - Shot by Milan Michalek.
17:41 of 3rd period - Stopped by Mike Smith without a rebound.
17:42 of 3rd period - Eric Staal wins face-off versus Bobby Ryan in Hurricanes zone.
17:54 of 3rd period - Shot by Blake Wheeler.
17:54 of 3rd period - Shot Misses the Net.
18:06 of 3rd period - Shot by Patrick Sharp.
18:06 of 3rd period - Stopped by Josh Harding with a rebound.
19:27 of 3rd period - Off-side.
19:28 of 3rd period - Brad Richardson wins face-off versus Pierre-Marc Bouchard in neutral zone.
19:30 of 3rd period - Kevin Czuczman is hit by Chris Phillips.
19:54 of 3rd period - Shot by Patrick Maroon.
19:54 of 3rd period - Shot Blocked by John-Michael Liles.
Goals for this period are 2 for Wild vs 0 for Hurricanes.
Shots for this period are 10 for Wild vs 15 for Hurricanes.


Output by the SimonT Hockey Simulator (STHS) for Stephane Roy -- Original Page W3C XHTML 1.0 Valid
Hockey Simulator - Hockey Simulation - Hockey Manager